Map: Shrines of Lizul

Players

Croustibat

  • Race: Protoss Protoss
  • League: Platinum
  • Spawn Location: 12:00

JAHMAII

  • Race: Terran Terran
  • League: Platinum
  • Spawn Location: 3:00

OpuS

  • Race: Protoss Protoss
  • League: Diamond
  • Spawn Location: 6:00

Sketchaphone

  • Race: Zerg Zerg
  • League: Gold
  • Spawn Location: 9:00

VOD

Have the link to the VOD?

Description

Time

  • Played on: Jan. 20, 2019, 9:03 p.m.
  • Length: 7:37
Show
View Real Time Build Order
Export as new Build Order

Croustibat Protoss 

Build Orders:  

Get SALT Encoding   

  1  0:00  Probe  
  12  0:05  Probe  
  14  0:15  Probe  
  15  0:30  Pylon  
  15  0:49  Gateway x2  
  15  0:53  Probe  
  15  0:56  Assimilator  
  16  1:01  Probe  
  16  1:09  Probe  
  17  1:11  Pylon  
  18  1:36  Zealot x2  
  22  1:41  Cybernetics Core  
  22  1:50  Assimilator  
  22  2:00  Probe  
  23  2:12  Probe  
  24  2:20  Stalker x2  
  24  2:21  Warp Gate  
  28  2:28  Probe  
  29  2:40  Probe  
  30  2:46  Robotics Facility  
  30  2:52  Gateway  
  30  3:06  Gateway  
  29  3:15  Sentry  
  31  3:25  Pylon  
  31  3:27  Pylon  
  27  3:49  Immortal  
  31  4:10  Stalker  
  31  4:11  Stalker, Zealot  
  37  4:18  Probe  
  37  4:20  Sentry  
  40  4:30  Probe  
  41  4:36  Immortal  
  45  5:13  Stalker, Pylon  
  47  5:19  Pylon  
  47  5:21  Pylon  
  47  5:22  Pylon  
  45  5:47  Stalker  
  45  5:48  Stalker x3  
  49  5:55  Immortal  
  53  6:25  Sentry x3  
  59  6:27  Zealot  
  59  6:53  Zealot  
  59  6:54  Zealot x3  
  67  7:18  Zealot x2  
  67  7:19  Zealot  
  67  7:21  Zealot  
Show
View Real Time Build Order
Export as new Build Order

JAHMAII Terran 

Build Orders:  

Get SALT Encoding   

  12  0:01  SCV  
  13  0:13  SCV  
  14  0:19  Supply Depot  
  14  0:25  SCV  
  15  0:30  Refinery  
  15  0:40  SCV  
  16  0:47  Barracks  
  16  0:54  SCV  
  17  1:03  Refinery  
  17  1:06  SCV  
  18  1:18  SCV  
  19  1:37  Factory  
  19  1:39  Barracks Reactor  
  19  1:42  Orbital Command  
  19  1:54  Supply Depot  
  19  2:08  SCV  
  20  2:17  Barracks  
  20  2:20  Marine x2  
  20  2:22  Factory Tech Lab  
  22  2:28  SCV  
  23  2:34  Starport  
  23  2:38  Marine  
  23  2:40  Marine  
  25  2:44  SCV  
  26  2:53  Siege Tank  
  29  2:58  SCV  
  29  3:04  Supply Depot  
  30  3:06  Barracks Tech Lab  
  30  3:09  Marine  
  31  3:17  Supply Depot  
  31  3:25  Medivac  
  33  3:31  Stimpack  
  33  3:34  Marine  
  34  3:45  Siege Tank  
  36  4:12  Medivac  
  36  4:15  Marine  
  36  4:16  Marine x2  
  41  4:18  Siege Tank  
  41  4:19  SCV  
  45  4:33  Marine x2  
  45  4:38  Supply Depot  
  47  4:59  Medivac, Marine x3, Siege Tank  
  55  5:01  Supply Depot  
  55  5:22  Marine x2  
  55  5:24  Supply Depot  
  53  5:47  Marine  
  53  5:48  Marine  
  55  5:54  Siege Tank  
  55  5:56  Medivac  
  60  6:04  Marine  
  60  6:05  Marine  
  60  6:06  Marine  
  63  6:22  Marine  
  63  6:23  Marine  
  65  6:26  Medivac, Siege Tank  
  67  6:55  Marine x3  
  70  7:13  Marine  
  71  7:16  Marine  
  71  7:18  Marine  
Show
View Real Time Build Order
Export as new Build Order

OpuS Protoss 

Build Orders:  

Get SALT Encoding   

  12  0:01  Probe  
  13  0:13  Probe  
  14  0:19  Pylon  
  14  0:25  Probe  
  15  0:37  Probe  
  15  0:39  Gateway  
  16  0:45  Probe  
  17  0:53  Probe, Assimilator  
  17  1:03  Probe  
  18  1:10  Gateway  
  19  1:20  Probe  
  20  1:27  Cybernetics Core  
  20  1:28  Probe  
  20  1:29  Pylon  
  20  1:37  Probe  
  21  1:45  Assimilator  
  22  1:47  Probe  
  23  1:59  Pylon  
  23  2:04  Stalker  
  23  2:08  Stalker  
  27  2:10  Warp Gate  
  27  2:28  Gateway  
  27  2:36  Adept x2  
  27  2:44  Pylon  
  31  2:55  Gateway  
  30  3:09  Sentry x2  
  32  3:51  Nexus  
  30  3:58  Pylon  
  28  4:04  Stalker x2  
  28  4:05  Stalker  
  28  4:08  Stalker  
  34  4:20  Twilight Council  
  34  4:31  Sentry x2  
  34  4:33  Zealot  
  40  4:44  Pylon  
  40  4:47  Probe  
  40  4:51  Sentry  
  43  5:00  Zealot  
  43  5:01  Zealot  
  47  5:13  Probe x2  
  49  5:15  Sentry, Charge  
  36  5:45  Zealot x4  
  32  6:01  Probe x2  
  32  6:05  Zealot x2  
  32  6:06  Zealot  
  38  6:14  Zealot  
  39  6:26  Zealot x2  
  39  6:30  Zealot  
  45  6:35  Zealot  
  45  6:39  Probe  
  48  6:46  Zealot  
  50  6:50  Zealot  
  52  6:57  Zealot  
  53  7:03  Zealot  
  55  7:19  Zealot x3  
Show
View Real Time Build Order
Export as new Build Order

Sketchaphone Zerg 

Build Orders: Pool First 

Get SALT Encoding   

  12  0:01  Drone  
  13  0:15  Overlord  
  13  0:17  Drone  
  14  0:35  Spawning Pool  
  13  0:44  Drone  
  13  0:48  Drone  
  16  0:50  Drone, Extractor  
  16  0:55  Drone  
  16  1:06  Drone  
  17  1:18  Drone  
  18  1:26  Roach Warren  
  18  1:27  Drone  
  18  1:40  Zergling x2  
  18  1:41  Queen  
  21  2:09  Overlord  
  21  2:23  Drone  
  21  2:25  Hatchery  
  21  2:28  Zergling x2  
  22  2:30  Roach  
  24  2:43  Roach  
  26  2:50  Roach x2  
  30  3:16  Overlord x2  
  30  3:32  Lair  
  30  3:34  Drone x3  
  33  3:56  Drone x2  
  26  4:11  Drone  
  26  4:12  Drone x5  
  32  4:18  Overlord  
  32  4:22  Queen  
  34  4:24  Roach  
  36  4:33  Hatchery  
  36  4:36  Roach x2  
  39  4:48  Overlord  
  39  4:53  Ravager  
  39  4:57  Overlord  
  40  5:01  Roach x4  
  47  5:15  Roach x2  
  47  5:18  Zergling x2  
  52  5:25  Overlord  
  39  5:43  Zergling x14  
  41  6:01  Roach x5  
  51  6:04  Queen  
  51  6:06  Roach  
  51  6:09  Metabolic Boost  
  51  6:11  Zergling x2  
  56  6:12  Drone  
  44  6:55  Roach  
  44  6:56  Roach x5  
  56  7:03  Extractor  
  56  7:04  Zergling x14  
Tags
 
Add a new tag
Caveats
  • Supply blocks, unpowered buildings, or Contaminate may cause inaccurate times.
  • Supply counts are checked every 10 seconds.